 Dungeon Crawl Stone Soup version 0.24.0-13-gcf9b3192b9 (webtiles) character file.

Game seed: 4213428627343493319, levelgen mode: deterministic

58 Briareos the Conjurer (level 3, -1/26 HPs)
             Began as a Draconian Conjurer on Nov 8, 2019.
             Killed from afar by an orc wizard (8 damage)
             ... with a magic dart
             ... on level 3 of the Dungeon.
             The game lasted 00:12:24 (2016 turns).

Briareos the Conjurer (Draconian Conjurer)          Turns: 2016, Time: 00:12:25

Health: -1/26      AC:  5    Str: 10    XL:     3   Next: 75%
Magic:  0/6        EV: 12    Int: 16    God:
Gold:   97         SH:  0    Dex: 11    Spells: 4/7 levels left

rFire    . . .     SeeInvis .   b - +0 dagger
rCold    . . .     Gourm    .   (no shield)
rNeg     . . .     Faith    .   (armour unavailable)
rPois    .         Spirit   .   (helmet restricted)
rElec    .         Reflect  .   (no cloak)
rCorr    .         Harm     .   (no gloves)
MR       .....                  (no boots)
Stlth    ++........             (no amulet)
HPRegen  0.08/turn              (no ring)
MPRegen  0.10/turn              (no ring)

@: no status effects
A: unfitting armour, cold-blooded, AC +5
a: no special abilities


You were on level 3 of the Dungeon.
You were not hungry.

You visited 1 branch of the dungeon, and saw 3 of its levels.

You collected 97 gold pieces.

Inventory:

Hand Weapons
 b - a +0 dagger (weapon)
 d - a +0 hunting sling
 i - a +0 whip
 j - a +0 hunting sling
Missiles
 e - 38 stones (quivered)
 f - 28 bolts
 g - a throwing net
 h - 39 arrows
 l - 4 boomerangs
Armour
 k - a +2 pair of boots
Jewellery
 c - an uncursed ring of wizardry {unknown}
Comestibles
 a - 4 rations


   Skills:
 + Level 2.0 Dodging
 + Level 1.8 Stealth
 + Level 2.5 Spellcasting
 + Level 5.0 Conjurations


You had 4 spell levels left.
You knew the following spells:

 Your Spells              Type           Power        Failure   Level  Hunger
a - Magic Dart            Conj           ###.         2%          1    #......
b - Searing Ray           Conj           ###...       3%          2    ##.....

Your spell library contained the following spells:

 Spells                   Type           Power        Failure   Level  Hunger
 Dazzling Spray           Conj/Hex       ##....       22%         3    ###....
 Iskenderun's Mystic Bla  Conj           ###.....     26%         4    #####..
 Force Lance              Conj/Tloc      ##......     56%         4    #####..
 Fulminant Prism          Conj/Hex       ##........   56%         4    #####..


Dungeon Overview and Level Annotations

Branches:
Dungeon (3/15)

Altars:


Innate Abilities, Weirdness & Mutations

Your plain brown scales are hard. (AC +5)
You cannot fit into any form of body armour.
You are cold-blooded and may be slowed by cold attacks.


Message History

The orc wizard hits you with a +0 dagger.
* * * LOW HITPOINT WARNING * * *
The orc wizard hits you but does no damage.
You hit the orc wizard but do no damage.
You tail-slap the orc wizard.
The orc wizard is heavily wounded.
The orc wizard hits you but does no damage.
Casting: Magic Dart (safe; 2% risk of failure)
Confirm with . or Enter, or press ? or * to list all spells.
Aiming: Magic Dart (safe; 2% risk of failure)
Press: ? - help, Shift-Dir - straight line, f/p - orc wizard
Aim: an orc wizard, wielding a +0 dagger and wearing a +0 robe (heavily wounded, fast)
The magic dart hits the orc wizard but does no damage.
The orc wizard is heavily wounded.
The orc wizard hits you but does no damage. x2
You miss the orc wizard.
The orc wizard is heavily wounded.
The orc wizard casts a spell at you. The magic dart hits you!
You die...

###.# #. #...# #.
#)### ##.## #.#
###...# #.#
...... #.# #...#
#.#
#..#########.#
#.††).@o.....#
#..†..###########
####..# #..# ...#
##.## #. #.


You could see an orc wizard.

Vanquished Creatures
  An ooze (D:3)
  A worm (D:2)
  2 dart slugs (D:1)
  3 leopard geckos (D:1)
  2 orcs (D:3)
  5 bats (D:1)
  3 giant cockroaches (D:3)
  2 hobgoblins
  6 kobolds
  A quokka (D:2)
  A frilled lizard (D:1)
  7 goblins
  5 rats
39 creatures vanquished.

Notes
Turn   | Place    | Note
-------+----------+-------------------------------------------
     0 | D:1      | Briareos the Draconian Conjurer began the quest for the
                  | Orb.
     0 | D:1      | Reached XP level 1. HP: 14/14 MP: 3/3
   193 | D:1      | Reached XP level 2. HP: 5/20 MP: 1/5
   494 | D:1      | Learned a level 2 spell: Searing Ray
   822 | D:1      | Reached XP level 3. HP: 26/26 MP: 1/6
  1976 | D:3      | Reached skill level 5 in Conjurations
  2016 | D:3      | Killed from afar by an orc wizard

Levels and vault maps discovered:
D:1:      lightli_arrival_flooded_house, layout_basic
D:2:      layout_loops_ring, gammafunk_temple_overflow_claw,
          chequers_ecumenical_altar_simple, roderic_nine_men_s_morris,
          uniq_robin
D:3:      layout_loops_corners

Skill      XL: |  1  2  3 |
---------------+----------+-----
Dodging        | 2 |  2.0
Conjurations   | 5 |  5.0
Stealth        | |  1.8
Spellcasting   | |  2.5

Action                   || total
-------------------------++-------
Melee: Dagger            ||    73
       Tailslap          ||     4
Throw: Stone             ||     2
 Cast: Magic Dart        ||    83
  Use: Scroll            ||     7
       Potion            ||     1
  Eat: Ration            ||     1
       Chunk             ||     1
Armor: Skin              ||    26
Dodge: Dodged            ||    70
